 Dungeon Crawl Stone Soup version 0.27.0-1-g7a089689b8 (webtiles) character file.

Game seed: 288652066305658248

169 ZARRMARR the Digger (level 5, 0/39 HPs)
             Began as a Draconian Earth Elementalist on Aug 3, 2021.
             Slain by an iguana (7 damage)
             ... on level 3 of the Dungeon on Aug 4, 2021.
             The game lasted 00:14:43 (3820 turns).

ZARRMARR the Digger (Draconian Earth Elementalist)  Turns: 3820, Time: 00:14:43

Health: 0/39       AC:  6    Str: 10    XL:     5   Next: 25%
Magic:  9/9        EV: 12    Int: 22    God:
Gold:   86         SH:  0    Dex: 12    Spells: 6/10 levels left

rFire    . . .     SeeInvis .   f - staff of cold
rCold    + . .     Faith    .   (no shield)
rNeg     . . .     Spirit   .   (armour unavailable)
rPois    .         Reflect  .   i - +0 hat
rElec    .         Harm     .   j - +0 cloak
rCorr    .         Rampage  .   (no gloves)
Will     .....                  (no boots)
Stlth    ++........             (no amulet)
HPRegen  0.13/turn              h - +6 ring of intelligence
MPRegen  0.11/turn              (no ring)

@: no status effects
A: AC +5, unfitting armour, cold-blooded
a: no special abilities


You were on level 3 of the Dungeon.
You visited 1 branch of the dungeon, and saw 3 of its levels.

You collected 86 gold pieces.

Inventory:

Missiles
 g - 4 poisoned darts
 k - 5 boomerangs (quivered)
Armour
 i - a +0 hat (worn)
 j - a +0 cloak (worn)
Magical Staves
 f - a staff of cold (weapon)
Jewellery
 h - a +6 ring of intelligence (left hand)
Scrolls
 c - 2 scrolls of teleportation
 e - a scroll of amnesia {unknown}
 l - a scroll of enchant armour {unknown}
Potions
 a - 2 potions of attraction {unknown}
 b - a potion of brilliance {unknown}
 d - 2 potions of curing {unknown}


   Skills:
 + Level 0.5 Fighting
 + Level 1.0 Staves
 + Level 1.6 Throwing
 + Level 2.5 Dodging
 + Level 2.0 Stealth
 + Level 3.1 Spellcasting
 + Level 1.0 Transmutations
 + Level 3.9 Earth Magic


You had 6 spell levels left.
You knew the following spells:

 Your Spells              Type           Power      Damage    Failure   Level
a - Sandblast             Erth           40%        2d10      2%          1
b - Stone Arrow           Conj/Erth      24%        3d8       16%         3

Your spell library contained the following spells:

 Spells                   Type           Power      Damage    Failure   Level
 Passwall                 Tmut/Erth      11%        N/A       7%          2
 Gell's Gravitas          Tloc           1%         N/A       36%         3
 Lesser Beckoning         Tloc           1%         N/A       36%         3
 Teleport Other           Tloc           3%         N/A       36%         3
 Petrify                  Tmut/Erth      14%        N/A       41%         4


Dungeon Overview and Level Annotations

Branches:
Dungeon (3/15)

Altars:
Makhleb


Innate Abilities, Weirdness & Mutations

Your plain brown scales are hard. (AC +5)
You cannot fit into any form of body armour.
You are cold-blooded and may be slowed by cold attacks.


Message History

You hit the iguana but do no damage.
The iguana is lightly wounded.
The iguana barely misses you.
You hit the iguana.
The iguana is moderately wounded.
The iguana bites you!
You hit the iguana but do no damage.
The iguana is moderately wounded.
The iguana barely misses you. x2
You barely miss the iguana.
The iguana is moderately wounded.
The iguana bites you.
You completely miss the iguana.
The iguana is moderately wounded.
The iguana bites you but does no damage.
You hit the iguana.
The iguana is heavily wounded.
The iguana barely misses you.
You hit the iguana but do no damage.
The iguana is heavily wounded.
The iguana completely misses you.
You hit the iguana.
The iguana is heavily wounded.
The iguana barely misses you. The iguana closely misses you.
You hit the iguana but do no damage.
The iguana is heavily wounded.
The iguana bites you.
You hit the iguana but do no damage.
You tail-slap the iguana, but do no damage.
The iguana is heavily wounded.
The iguana bites you but does no damage.
You hit the iguana.
The iguana is heavily wounded.
The iguana bites you!
* * * LOW HITPOINT WARNING * * *
You hit the iguana.
You tail-slap the iguana, but do no damage.
The iguana is severely wounded.
The iguana bites you!
You die...

....# .# #.......#
#.#.. ###.#
#.#........... #.##.
.# #.#...........
#.#.. #.#...........
#.#.. #.#...........
..#.. ..#......(....
..#.. .###....(.....
#.. . +....รท.....
#.. #######.l@...)...
#..
.........#######+#
#.. ##)......######.#
### '.....(........#
. #....).........#
+.....###........##..
#####.#..............
#.#...........#
#.#...........#


You could see an iguana.

Vanquished Creatures
  A bullfrog skeleton (D:3)
  Terence (D:2)
  5 adders (D:2)
  A worm (D:2)
  4 orcs (D:3)
  4 ball pythons
  4 bats
  7 endoplasms
  4 giant cockroaches
  4 goblins
  7 hobgoblins
  5 jackals (D:2)
  10 kobolds
  A quokka (D:1)
  3 frilled lizards
  3 rats
64 creatures vanquished.

Notes
Turn   | Place    | Note
-------+----------+-------------------------------------------
     0 | D:1      | ZARRMARR the Draconian Earth Elementalist began the quest
                  | for the Orb.
     0 | D:1      | Reached XP level 1. HP: 14/14 MP: 3/3
   245 | D:1      | Reached XP level 2. HP: 20/20 MP: 3/5
  1415 | D:2      | Reached XP level 3. HP: 19/26 MP: 6/6
  2053 | D:2      | Found a burning altar of Makhleb.
  2195 | D:2      | Noticed Terence
  2209 | D:2      | Killed Terence
  2210 | D:2      | Reached XP level 4. HP: 7/33 MP: 8/8
  2854 | D:2      | Learned a level 3 spell: Stone Arrow
  2891 | D:2      | Reached skill level 1 in Throwing
  3699 | D:3      | Reached XP level 5. HP: 16/39 MP: 9/9
  3700 | D:3      | Reached skill level 1 in Staves
  3820 | D:3      | Slain by an iguana

Illustrated notes

Levels and vault maps discovered:
D:1:      psy_arrival_radial02, layout_basic, serial_curves, eino_curves_03,
          eino_curves_04
D:2:      layout_basic, basic_altar, uniq_terence
D:3:      layout_basic, ebering_ecumenical_altar_sacrificial,
          corexii_leaking_fountain, serial_park_tiny_pond

Skill      XL: |  1  2  3  4  5 |
---------------+----------------+-----
Dodging        | 2 |  2.5
Stealth        | 2 |  2.0
Spellcasting   | 3 |  3.1
Throwing       | 1 |  1.6
Staves         | 1 |  1.0
Fighting       | |  0.5
Transmutations | |  1.0
Earth Magic    | |  3.9

Action                   |  1- 3 |  4- 6 || total
-------------------------+-------+-------++-------
Melee: Dagger            |    11 |       ||    11
       Staff             |    50 |   116 ||   166
       Tailslap          |    11 |    15 ||    26
Throw: Stone             |    23 |       ||    23
       Dart              |    32 |    45 ||    77
       Boomerang         |       |    15 ||    15
 Cast: Sandblast         |    34 |       ||    34
  Use: Scroll            |       |     2 ||     2
Armor: Skin              |    20 |    39 ||    59
Dodge: Dodged            |    51 |    87 ||   138
